Cogmind - Beta 13 @@@ ROGUE MODE // 2024.04.02 @ 14:49:32 Player: youngster Result: Destroyed by Y-45 Defender with Beam Rifle Performance ------------- Evolutions (2) 1000 Regions Visited (9) 1800 Robots Destroyed (183) 915 Value Destroyed (5269) 5269 Prototype IDs (20) 400 Alien Tech Used (0) 0 Bonus (1376) 1376 TOTAL SCORE: 10760 Bonus ------- High Alert Combat Kills 1097 Follower Combat Kills 79 Entered Garrisons 200 Cogmind --------- Core Integrity 0/550 Matter 146/300 Energy 310/310 System Corruption 9% Temperature Cool (9) Movement Rolling (255) Ox11 Location -8/Materials Parts ------- > --- POWER (1) -------- Reinforced Fission Core > --- PROPULSION (3) --- Improved Medium Treads Improved Medium Treads Armored Wheel > --- UTILITY (4) ------ Huge Storage Unit Salvage Targeting Computer Improved Medium Armor Plating Splice Drone Bay (2/6) > --- WEAPON (3) ------- Heavy Plasma Cannon Magnetic Acceleration Cannon Flail > --- INVENTORY (25) --- Reinforced Deuterium Engine Armored Treads Improved Medium Treads Improved Medium Treads Improved Medium Treads Experimental Heat Sink Improved Cooling System Large Matter Pod (150) Advanced Visual Processing Unit Faulty Experimental Sensor Array Advanced Terrain Scan Processor Experimental Targeting Computer Advanced Weapon Cycler Transmission Jammer Hardened Heavy Armor Plating Improved Medium Armor Plating Graphene Brace Shield Generator Remote Shield Long-range Tractor Beam Proton Cannon Heavy Plasma Cannon Rocket Launcher Improved Datajack Peak State ------------ > --- POWER ------------ Reinforced Fission Core > --- PROPULSION ------- Improved Medium Treads Improved Medium Treads Armored Wheel > --- UTILITY ---------- Experimental Heat Sink Huge Storage Unit Salvage Targeting Computer Transmission Jammer > --- WEAPON ----------- Heavy Plasma Cannon Heavy Plasma Cannon Magnetic Acceleration Cannon > --- INVENTORY -------- Reinforced Deuterium Engine Armored Treads Improved Medium Treads Improved Medium Treads Improved Medium Treads Improved Cooling System Large Matter Pod Advanced Visual Processing Unit Experimental Sensor Array Advanced Terrain Scan Processor Experimental Targeting Computer Advanced Weapon Cycler Hardened Medium Armor Plating Hardened Heavy Armor Plating Layered Medium Armor Plating Graphene Brace Shield Generator Long-range Tractor Beam Splice Drone Bay Light EM Pulse Cannon Rocket Launcher Improved Datajack Flail [Rating: 57] Favorites ----------- Power Light Nuclear Core Engine Ion Engine Power Core Light Nuclear Core Propulsion Light Treads Treads Light Treads Wheel Armored Wheel Utility Huge Storage Unit Device Seismic Detector Storage Huge Storage Unit Processor Targeting Computer Hackware System Shield Protection Insulated Plating Weapon Heavy Assault Rifle Energy Cannon Heavy Plasma Cannon Ballistic Gun Heavy Assault Rifle Ballistic Cannon Light Cannon Launcher Rocket Launcher Special Weapon Mining Laser Impact Weapon Flail Slashing Weapon Chainsword Special Melee Weapon Datajack Build | -11 -10 -10 -9 -9 -9 -8 -8 -8 -8 ------- Run | Yrd Mat Min Mat Min Exi Min Mat Gar Mat Slots Evolved 4 | . . . 2 . . . 2 . . Power . | . . . . . . . . . . Propulsion 1 | . . . . . . . 1 . . Utility 2 | . . . 2 . . . . . . Weapon 1 | . . . . . . . 1 . . Parts Attached 232 | 7 11 17 28 10 24 6 92 36 1 Power 12 | 1 1 1 1 1 3 . 4 . . Engine 6 | 1 1 . . 1 2 . 1 . . Core 6 | . . 1 1 . 1 . 3 . . Reactor . | . . . . . . . . . . Propulsion 47 | 2 2 2 8 . 6 . 21 6 . Treads 36 | 2 2 1 4 . 5 . 18 4 . Leg . | . . . . . . . . . . Wheel 11 | . . 1 4 . 1 . 3 2 . Hover . | . . . . . . . . . . Flight . | . . . . . . . . . . Utility 77 | 2 5 7 8 2 6 3 27 16 1 Device 32 | 1 2 4 2 2 . 2 11 8 . Storage 9 | 1 2 . 3 . 2 . . . 1 Processor 3 | . . . 1 . 1 . . 1 . Hackware 2 | . . . . . . . 2 . . Protection 31 | . 1 3 2 . 3 1 14 7 . Artifact . | . . . . . . . . . . Weapon 96 | 2 3 7 11 7 9 3 40 14 . Energy Gun . | . . . . . . . . . . Energy Cannon 3 | . . . . . . . 1 2 . Ballistic Gun 44 | 2 1 1 2 3 5 . 21 9 . Ballistic Cannon 9 | . 2 3 3 . . . . 1 . Launcher 15 | . . 1 1 1 3 1 7 1 . Special Weapon 7 | . . 2 4 1 . . . . . Impact Weapon 12 | . . . . . 1 2 8 1 . Slashing Weapon 3 | . . . . . . . 3 . . Piercing Weapon . | . . . . . . . . . . Special Melee Weapon 3 | . . . 1 2 . . . . . Unidentified Prototypes 1 | . . 1 . . . . . . . Corrupted Parts 1 | . . . . . . . . 1 . System Corruption 9 | . . . . . . . . 9 . Parts Lost 32 | . . 3 . . 13 . 5 11 . Power 4 | . . . . . 2 . 2 . . Propulsion 8 | . . 1 . . 3 . 2 2 . Utility 7 | . . 1 . . 3 . . 3 . Weapon 13 | . . 1 . . 5 . 1 6 . Highest Loss Streak 10 | . . 1 . . 8 . 1 10 . To Critical Strikes 4 | . . . . . 4 . . . . Average Slot Usage (%) 99 | . 100 99 99 100 98 100 99 98 100 Engine 5 | . 14 4 . 8 9 11 3 . . Core 5 | . . 9 10 2 1 . 5 9 9 Treads 20 | . 28 26 15 11 18 11 21 23 18 Wheel 4 | . . 1 6 11 3 11 5 3 9 Device 7 | . 7 11 16 11 1 6 4 3 9 Storage 10 | . 14 14 11 11 11 11 9 9 9 Processor 11 | . . . 10 11 20 22 14 9 9 Hackware 1 | . . . . . . . 4 6 . Protection 6 | . 6 2 5 11 10 4 3 7 9 Ballistic Gun 14 | . 10 4 17 19 11 11 15 16 . Ballistic Cannon 4 | . 17 22 3 . . . . 1 9 Launcher 1 | . . . . . 4 1 1 2 . Impact Weapon 2 | . . . . . 2 9 6 3 9 Slashing Weapon 1 | . . . . . . . 3 . . Naked Turns . | . . . . . . . . . . Heaviest Build 136 | 14 52 58 102 104 102 96 122 136 136 Greatest Support 65 | 40 40 40 46 12 46 12 65 60 12 Greatest Overweight (x) 11 | . 1 3 8 8 8 7 10 11 11 Average Overweight (x) 4 | . . 1 5 7 3 7 5 4 11 Largest Inventory Capacity 25 | 8 20 20 25 25 25 25 25 25 25 Average Capacity 22 | 7 19 20 23 25 21 25 25 25 25 Most Carried 25 | 2 17 20 25 25 25 25 25 25 25 Average Carried 20 | 1 11 17 22 24 17 25 24 24 25 Final Capacity 25 | 8 20 20 25 25 25 25 25 25 25 Final Carried 25 | 2 17 20 25 25 25 25 25 25 25 Class Distribution -------------------- 58% | Mutant 27% | Scavenger-Mutant 8% | Scavenger-Gunner 5% | Scavenger-Tank Dominant Class ---------------- Mutant | -10/Materials Mutant | -10/Mines Mutant | -9/Materials Mutant | -9/Mines Scavenger-Mutant | -9/Exiles Scavenger-Mutant | -8/Mines Scavenger-Mutant | -8/Materials Scavenger-Mutant | -8/Garrison Scavenger-Mutant | -8/Materials Resources | -11 -10 -10 -9 -9 -9 -8 -8 -8 -8 ----------- Run | Yrd Mat Min Mat Min Exi Min Mat Gar Mat Matter Collected 6228 | 285 366 603 677 198 1006 236 2161 696 . Remotely 280 | . . . . . . . 132 148 . Salvage Created 6908 | 106 594 489 835 133 436 236 3122 957 . Parts 459 | 4 35 35 62 14 72 14 165 58 . Haulers Intercepted 10 | . 2 . 5 . . . 3 . . Recyclers Shooed 1 | 1 . . . . . . . . . Parts Field Recycled . | . . . . . . . . . . Retrieved Matter . | . . . . . . . . . . Parts Self-Destructed . | . . . . . . . . . . Prevented . | . . . . . . . . . . Kills | -11 -10 -10 -9 -9 -9 -8 -8 -8 -8 ------- Run | Yrd Mat Min Mat Min Exi Min Mat Gar Mat Combat Hostiles Destroyed 141 | . 16 22 12 6 5 3 59 18 . Melee 8 | . . . . . 1 . 7 . . Guns 54 | . 6 . 7 3 . 1 27 10 . Cannons 37 | . 10 19 5 . . . 1 2 . AOE 41 | . . 3 . 3 4 2 23 6 . Classes Destroyed 20 | 2 4 1 4 . 2 1 4 2 . Worker 11 | . . . 2 1 . 1 7 . . Builder 4 | . . . 2 . . . 2 . . Tunneler 5 | 2 . 1 . . . 2 . . . Hauler 10 | . 2 . 5 . . . 3 . . Recycler 9 | 1 1 . 1 . . 1 5 . . Mechanic 2 | . 1 . . . . . 1 . . Turret 1 | . . . . . 1 . . . . Watcher 7 | . . . 3 . . . 4 . . Swarmer 35 | . 6 8 3 4 . . 14 . . Grunt 67 | . 10 13 2 . . 2 28 12 . Brawler 1 | . . . . . . . . 1 . Duelist 1 | . . . . . . 1 . . . Protector 1 | . . . . . . . 1 . . Sentry 21 | . . . 7 2 . . 9 3 . Specialist 4 | . . . . . . . 4 . . Hunter 2 | . . . . . . . 2 . . Heavy 1 | . . . . . . . 1 . . Behemoth 2 | . . . . . . . . 2 . Zionite 1 | . . . . . 1 . . . . Assembled 5 | . . 1 . . 4 . . . . Best Kill Streak 11 | 1 8 3 4 4 4 4 11 6 . Combat Bots Only 8 | . 5 3 4 4 4 3 8 6 . Max Kills in Single Turn 6 | 1 1 3 1 2 1 2 6 2 . Gunslinging 1 | . . . . . . . 1 1 . Exploded 4 | . . 3 . 2 1 2 4 2 . Melee 1 | . . . . . 1 . 1 . . Uniques/NPCs Destroyed 4 | . . . . . 4 . . . . 8R-AWN (-9/Exiles) EX-DEC (-9/Exiles) EX-BIN (-9/Exiles) EX-HEX (-9/Exiles) Combat | -11 -10 -10 -9 -9 -9 -8 -8 -8 -8 -------- Run | Yrd Mat Min Mat Min Exi Min Mat Gar Mat Hostile Shots Fired 692 | . 73 65 47 17 126 3 210 148 3 Missed 191 | . 20 23 18 6 22 . 57 44 1 Damage Taken 8602 | . 494 491 343 134 1794 101 2720 2493 32 Core 1062 | . 110 40 33 25 259 34 327 220 14 Absorbed by Shields 44 | . . . . . . . . 44 . Redirected to Shielding 51 | . 22 29 . . . . . . . Ignored by Resistances 120 | . . . . . . . 66 54 . Regen/Repaired (Parts) 700 | . . . 39 . . . 661 . . Core Remaining (%) 50 | 100 . 40 . . . 12 . . . Volleys Fired 491 | 13 45 50 75 15 128 7 102 56 . Largest 3 | 2 2 2 2 2 2 1 3 3 . Hottest 143 | 40 70 100 100 100 46 30 81 143 . Shots Fired 895 | 26 90 97 139 23 177 7 213 123 . Gun 653 | 26 48 5 103 19 156 6 188 102 . Cannon 180 | . 42 87 27 . . . 9 15 . Launcher 48 | . . 1 . 3 21 1 16 6 . Special 14 | . . 4 9 1 . . . . . Kinetic 810 | 26 90 92 130 19 156 6 188 103 . Thermal 28 | . . 4 9 1 . . . 14 . Explosive 48 | . . 1 . 3 21 1 16 6 . Electromagnetic 9 | . . . . . . . 9 . . Robot Hit Streak 28 | 6 20 6 14 5 28 7 23 14 . Robot Miss Streak 4 | 4 2 3 2 2 2 2 3 4 . Penetration Max 1 | . . . . . 1 . 1 1 . Secondary Targets 5 | . . . 1 . . . 3 1 . Max Gunslinging Chain 1 | . . . 1 . . . 1 1 . Shots Hit Robots 623 | 18 60 51 94 15 131 10 164 80 . Core Hits 302 | 5 29 28 35 9 35 8 114 39 . Critical Kills 21 | . . . 1 . 2 2 13 3 . Critical Parts Destroyed 26 | . . . 1 . 11 2 12 . . Critical Strikes 56 | . 1 4 3 . 14 4 27 3 . Destroy 40 | . . . 2 . 13 2 20 3 . Blast 6 | . 1 4 1 . . . . . . Smash 9 | . . . . . 1 2 6 . . Sever 1 | . . . . . . . 1 . . Melee Attacks 82 | . . . . 2 8 6 59 7 . Impact 54 | . . . . . 4 6 37 7 . Slashing 22 | . . . . . . . 22 . . Piercing . | . . . . . . . . . . Sneak Attacks 27 | . . . . 2 4 5 16 . . Combat Hostiles . | . . . . . . . . . . Follow-up Attacks 2 | . . . . . . . 2 . . Damage Inflicted 15498 | 177 786 1115 1313 504 2719 558 6092 2234 . Guns 7115 | 177 361 10 926 162 1984 63 2115 1317 . Cannons 2370 | . 418 921 368 . . . 220 443 . Explosions 3929 | . . 170 . 342 640 132 2171 474 . Melee 2016 | . . . . . 67 363 1586 . . Ramming 68 | . 7 14 19 . 28 . . . . Kinetic 8847 | 177 779 931 1294 162 1984 63 2115 1342 . Thermal 522 | . . . . . . . 104 418 . Explosive 3825 | . . 170 . 342 640 132 2067 474 . Electromagnetic 220 | . . . . . . . 220 . . Impact 1355 | . . . . . 67 363 925 . . Slashing 661 | . . . . . . . 661 . . Piercing . | . . . . . . . . . . Highest Corruption 9 | . 2 2 . . . . . 9 9 Average Corruption 3 | . 2 2 . . . . . 9 9 Corruption Purged . | . . . . . . . . . . Corruption Blocked . | . . . . . . . . . . Effects 56 | . 12 26 . . . . . 16 2 Message Errors 15 | . 4 8 . . . . . 3 . Matter Fused 16 | . 2 5 . . . . . 7 2 Heat Flow Errors 3 | . 2 1 . . . . . . . Energy Discharges 5 | . . 5 . . . . . . . Parts Fused 1 | . 1 . . . . . . . . Data Loss (minor) 9 | . 3 3 . . . . . 3 . Data Loss (major) 1 | . . 1 . . . . . . . Misfires 4 | . . 2 . . . . . 2 . Alerts 2 | . . 1 . . . . . 1 . Overload Shots . | . . . . . . . . . . Overflow Damage 866 | . . . . 76 115 112 563 . . Projectiles . | . . . . . . . . . . Explosions 146 | . . . . 76 48 . 22 . . Melee 720 | . . . . . 67 112 541 . . Knockbacks 27 | . 8 13 1 . 1 2 2 . . Impact 7 | . 1 . 1 . 1 2 2 . . Kinetic 19 | . 6 13 . . . . . . . Secondary 1 | . 1 . . . . . . . . Self-Inflicted Damage 203 | . . . . . 40 . 163 . . Shots 5 | . . . . . 1 . 4 . . Rammed 13 | . 2 4 2 . 5 . . . . Targets Rammed 17 | . 3 4 4 . 6 . . . . Kicked . | . . . . . . . . . . Crushed 4 | . 1 . 2 . 1 . . . . Highest Temperature 294 | . 185 138 64 40 48 . 270 294 . Average Temperature 60 | . 50 35 20 12 18 . 72 96 . Received Heat Transfer 1971 | . 120 222 102 27 . . 954 528 18 Siege Activations . | . . . . . . . . . . Robots Corrupted . | . . . . . . . . . . Combat Hostiles . | . . . . . . . . . . Parts Fried 20 | . . . 1 . . 1 18 . . Impact Corruptions 24 | . . . . . 2 5 17 . . Robots Melted . | . . . . . . . . . . Combat Hostiles . | . . . . . . . . . . Parts Melted 5 | . . . 5 . . . . . . Heat Transferred 700 | . . . . . . . 100 600 . Parts Sabotaged . | . . . . . . . . . . Parts Stolen . | . . . . . . . . . . Parts Stripped . | . . . . . . . . . . Power Chain Reactions 1 | . . . . . . . 1 . . Alert | -11 -10 -10 -9 -9 -9 -8 -8 -8 -8 ------- Run | Yrd Mat Min Mat Min Exi Min Mat Gar Mat Peak Influence 1280 | 15 273 225 309 145 . 99 1226 1280 638 Initial 794 | . 9 50 15 103 . . 38 794 608 Average 342 | 5 129 115 127 38 . 72 463 1067 631 Maximum Alert Level 4 | . 1 1 1 . . . 4 4 2 Low Security (%) 57 | 100 88 91 76 100 . 100 31 . . Level 1 13 | . 11 8 23 . . . 19 . . Level 2 11 | . . . . . . . 29 . 100 Level 3 9 | . . . . . . . 11 43 . Level 4 8 | . . . . . . . 7 56 . Level 5 . | . . . . . . . . . . High Security . | . . . . . . . . . . Max Security . | . . . . . . . . . . Sterilizations 1 | . . . . . . . 1 . . Squads Dispatched 20 | . 4 . 1 . . . 14 . 1 Investigation 5 | . 2 . . . . . 3 . . Extermination . | . . . . . . . . . . Reinforcement 9 | . 2 . 1 . . . 5 . 1 Assault 2 | . . . . . . . 2 . . Garrison 4 | . . . . . . . 4 . . Intercept . | . . . . . . . . . . Searches Triggered . | . . . . . . . . . . Construction Impeded 1 | . . . . . . . 1 . . Haulers Reinforced . | . . . . . . . . . . Active Scanning Responses . | . . . . . . . . . . Cargo Convoy Interrupts . | . . . . . . . . . . Stealth | -11 -10 -10 -9 -9 -9 -8 -8 -8 -8 --------- Run | Yrd Mat Min Mat Min Exi Min Mat Gar Mat Distress Signals 9 | . . . 3 . . . 6 . . Communications Jammed . | . . . . . . . . . . Distress Signals . | . . . . . . . . . . Times Spotted 278 | . 36 21 35 9 77 2 74 18 6 Peak Tracking Total 9 | . 6 3 5 4 9 3 8 3 4 Tactical Retreats 26 | . . 2 1 . 22 . 1 . . Traps | -11 -10 -10 -9 -9 -9 -8 -8 -8 -8 ------- Run | Yrd Mat Min Mat Min Exi Min Mat Gar Mat Traps Triggered 8 | . 2 . . . . . 2 4 . Indirectly . | . . . . . . . . . . Trap Hack Attempts . | . . . . . . . . . . Triggered . | . . . . . . . . . . Disarmed . | . . . . . . . . . . Reprogrammed . | . . . . . . . . . . Reused 3 | . . . 3 . . . . . . Traps Extracted . | . . . . . . . . . . Installed 3 | . . . 3 . . . . . . Triggered 3 | . . . 3 . . . . . . Most Traps Carried 3 | . . 3 3 . . . . . . Machines | -11 -10 -10 -9 -9 -9 -8 -8 -8 -8 ---------- Run | Yrd Mat Min Mat Min Exi Min Mat Gar Mat Machines Disabled 24 | . . 2 1 2 10 . 8 1 . Max in Single Turn 2 | . . 1 1 1 2 . 1 1 . Garrison Relay 1 | . . . . . . . . 1 . Machines Repaired . | . . . . . . . . . . Machines Dismantled . | . . . . . . . . . . Machines Sabotaged . | . . . . . . . . . . Overloaded Fab Kills . | . . . . . . . . . . Hacking | -11 -10 -10 -9 -9 -9 -8 -8 -8 -8 --------- Run | Yrd Mat Min Mat Min Exi Min Mat Gar Mat Machines Accessed 37 | . 9 1 9 . 1 . 15 1 1 Terminals 25 | . 6 . 7 . . . 10 1 1 Fabricators . | . . . . . . . . . . Repair Stations 3 | . 1 . 1 . . . 1 . . Recycling Units 3 | . 2 . . . . . 1 . . Scanalyzers 3 | . . . 1 . . . 2 . . Garrison Access 1 | . . . . . . . 1 . . Total Hacks 99 | . 23 1 22 . 1 . 47 1 4 Successful 55 | . 11 1 13 . 1 . 26 1 2 Failed 43 | . 11 . 9 . . . 21 . 2 Catastrophic 5 | . 2 . 1 . . . 1 . 1 Database Lockouts 1 | . 1 . . . . . . . . Manual 50 | . 12 . 16 . . . 21 . 1 Terminals 67 | . 18 . 18 . . . 26 1 4 Fabricators . | . . . . . . . . . . Repair Stations 13 | . 2 . 2 . . . 9 . . Recycling Units 4 | . 3 . . . . . 1 . . Scanalyzers 11 | . . . 2 . . . 9 . . Garrison Access 2 | . . . . . . . 2 . . Terminal Hacks 23 | . 8 1 5 . 1 . 6 1 1 Record 1 | . . . . . 1 . . . . Part Schematic 2 | . 1 . 1 . . . . . . Robot Schematic 1 | . 1 . . . . . . . . Robot Analysis 3 | . 2 . . . . . . . 1 Prototype ID Bank 2 | . 1 . . . . . 1 . . Open Door 1 | . . 1 . . . . . . . Branch Access Points 1 | . . . 1 . . . . . . Emergency Access Points 1 | . . . . . . . . 1 . Terminal Index 1 | . . . . . . . 1 . . Alert Level 1 | . . . 1 . . . . . . Locate Traps 6 | . 2 . 1 . . . 3 . . Hauler Manifests 3 | . 1 . 1 . . . 1 . . Fabricator Hacks . | . . . . . . . . . . Repair Station Hacks 11 | . 1 . 2 . . . 8 . . Scan Component 6 | . 1 . 1 . . . 4 . . Repair 5 | . . . 1 . . . 4 . . Recycling Unit Hacks . | . . . . . . . . . . Scanalyzer 6 | . . . 2 . . . 4 . . Insert Component 4 | . . . 1 . . . 3 . . Analyze 2 | . . . 1 . . . 1 . . Garrison Access Hacks 1 | . . . . . . . 1 . . Unlock Access 1 | . . . . . . . 1 . . Unauthorized Hacks 14 | . 2 . 4 . . . 7 . 1 Terminals 12 | . 1 . 4 . . . 6 . 1 Assimilate 2 | . . . . . . . 2 . . Botnet 8 | . 1 . 3 . . . 3 . 1 Operators 2 | . . . 1 . . . 1 . . Fabricators . | . . . . . . . . . . Repair Stations . | . . . . . . . . . . Recycling Units 2 | . 1 . . . . . 1 . . Mask 1 | . . . . . . . 1 . . Tunnel 1 | . 1 . . . . . . . . Scanalyzers . | . . . . . . . . . . Garrison Access . | . . . . . . . . . . Data Cores Recovered . | . . . . . . . . . . Used . | . . . . . . . . . . Hacking Detections 25 | . 5 . 7 . . . 12 . 1 Full Trace Events 1 | . . . . . . . 1 . . Feedback Events . | . . . . . . . . . . Feedback Blocked . | . . . . . . . . . . Robot Schematics Acquired 1 | . 1 . . . . . . . . Robots Built . | . . . . . . . . . . Authchips . | . . . . . . . . . . Time . | . . . . . . . . . . Total Robot Build Rating . | . . . . . . . . . . Part Schematics Acquired 4 | . 1 . 2 . . . 1 . . Parts Built . | . . . . . . . . . . Authchips . | . . . . . . . . . . Time . | . . . . . . . . . . Total Part Build Rating . | . . . . . . . . . . Parts Repaired 5 | . . . 1 . . . 4 . . Time 190 | . . . 38 . . . 152 . . Parts Recycled . | . . . . . . . . . . Recycled Matter . | . . . . . . . . . . Retrieved Matter . | . . . . . . . . . . Retrieved Components . | . . . . . . . . . . Parts Scanalyzed 2 | . . . 1 . . . 1 . . Part Schematics Acquired 2 | . . . 1 . . . 1 . . Parts Damaged 1 | . . . . . . . 1 . . Bothacking | -11 -10 -10 -9 -9 -9 -8 -8 -8 -8 ------------ Run | Yrd Mat Min Mat Min Exi Min Mat Gar Mat Used RIF Installer . | . . . . . . . . . . Robots Hacked 6 | . . . . 2 4 . . . . Non-combat 5 | . . . . 2 3 . . . . Combat 1 | . . . . . 1 . . . . Robot Hacks Applied 6 | . . . . 2 4 . . . . parse_system 4 | . . . . . 4 . . . . no_distress 2 | . . . . 2 . . . . . Relay Couplers Released 4 | . . . . . . . . 4 . Machine Destruction 4 | . . . . . . . . 4 . Fabnet Peak Effective % . | . . . . . . . . . . Robots Rewired . | . . . . . . . . . . Allies Hacked . | . . . . . . . . . . Hacks Repelled . | . . . . . . . . . . Allies | -11 -10 -10 -9 -9 -9 -8 -8 -8 -8 -------- Run | Yrd Mat Min Mat Min Exi Min Mat Gar Mat Total Allies 4 | . . 1 . 2 . . 1 . . Largest Group 1 | . . 1 . 1 . . 1 . . Highest-Rated Group 31 | . . 8 . 31 . . 10 . . Highest-Rated Ally 31 | . . 8 . 31 . . 10 . . Total Orders 30 | . . . 13 1 . . 16 . . STAY 9 | . . . . . . . 9 . . FOLLOW 9 | . . . 2 . . . 7 . . EXPLORE 1 | . . . 1 . . . . . . RETURN 11 | . . . 10 1 . . . . . Ally Attacks 58 | . . 12 26 5 . . . 6 9 Total Damage 311 | . . 63 128 60 . . . 27 33 Kills 5 | . . . 5 . . . . . . Allies Corrupted . | . . . . . . . . . . Allies Melted . | . . . . . . . . . . Intel | -11 -10 -10 -9 -9 -9 -8 -8 -8 -8 ------- Run | Yrd Mat Min Mat Min Exi Min Mat Gar Mat Robot Analysis Total 3 | . 2 . . . . . . . 1 Derelict Logs Recovered 3 | . . 2 . 1 . . . . . Drone Launches 69 | . . 12 37 4 . . . 6 10 Drone Recoveries 65 | . . 12 36 4 . . . 6 7 Exploration | -11 -10 -10 -9 -9 -9 -8 -8 -8 -8 ------------- Run | Yrd Mat Min Mat Min Exi Min Mat Gar Mat Turns Passed 17943 | 162 1811 1779 2661 1420 2795 202 5320 1698 95 Spaces Moved 6870 | 72 671 684 1013 606 1102 85 2006 595 36 Core 2 | 2 . . . . . . . . . Treads 3426 | 70 671 577 345 . 590 . 810 363 . Legs . | . . . . . . . . . . Wheels 3442 | . . 107 668 606 512 85 1196 232 36 Hover . | . . . . . . . . . . Flight . | . . . . . . . . . . Fastest Speed 50 | 50 160 145 190 195 150 195 195 225 255 Average Speed 223 | 156 239 225 219 207 212 195 226 243 255 Slowest Speed 320 | 160 240 240 320 210 240 195 240 255 255 Overloaded Moves . | . . . . . . . . . . Propulsion Burnouts . | . . . . . . . . . . Robots Hopped . | . . . . . . . . . . Cave-ins Triggered . | . . . . . . . . . . Exploration Rate (%) 65 | 6 98 98 76 99 85 21 97 66 13 Regions Visited 9 Branch Regions 4 Pre-discovered Areas 5 | . 1 2 . 1 1 . . . . Known Exits Taken 2 | . . . 1 . . . 1 . . Unknown Exits Taken 6 | 1 1 1 . 1 1 1 . . . Scrap Searched 6 | . . 3 . 3 . . . . . Spaces Dug 135 | . . 12 7 29 7 . 76 4 . Terrain Destroyed 264 | . . 13 8 34 28 9 159 13 . Melee 17 | . . . . . . . 13 4 . Projectile 43 | . . 1 8 1 4 . 27 2 . AOE 200 | . . 12 . 33 23 9 116 7 . Terrain Rammed . | . . . . . . . . . . Walls Destroyed . | . . . . . . . . . . Machines Disabled . | . . . . . . . . . . Actions | -11 -10 -10 -9 -9 -9 -8 -8 -8 -8 --------- Run | Yrd Mat Min Mat Min Exi Min Mat Gar Mat Total 8496 | 94 785 809 1295 743 1371 103 2525 731 40 Wait 576 | 1 38 48 118 99 61 . 202 7 2 Move 6859 | 71 670 683 1012 605 1101 84 2005 592 36 Hop . | . . . . . . . . . . Pick Up 113 | 2 11 5 28 5 23 . 30 9 . Fast Attach 32 | 7 2 1 4 1 5 . 5 7 . Attach 32 | . . 3 3 . 12 . 9 5 . Detach 12 | . 2 1 1 . 3 . 4 1 . Swap 168 | . 9 13 21 9 7 6 78 24 1 Drop 102 | . 5 1 26 7 17 . 39 6 1 Fire 491 | 13 45 50 75 15 128 7 102 56 . Melee 74 | . . . . 2 8 6 51 7 . Ram . | . . . . . . . . . . Kick . | . . . . . . . . . . Crush 17 | . 3 4 4 . 6 . . . . Escape Stasis 17 | . . . . . . . . 17 . Rewire . | . . . . . . . . . . Trap 3 | . . . 3 . . . . . . Miscellaneous . | . . . . . . . . . . Route ------- -11/Scrapyard -10/Materials (discovered 5 exits: *Mat x3 / *Min x2) -10/Mines (discovered 2 exits: *Mat x2) -9/Materials (discovered 3 exits: *Mat x2 / *Min) -9/Mines (discovered 3 exits: *Mat x2 / *Exi) -9/Exiles (discovered 2 exits: [*Min x2]) -8/Mines -8/Materials (discovered 5 exits: [*Fac x3] / [*Sto] / Gar) -8/Garrison (discovered 3 exits: *Mat x3) -8/Materials (discovered 1 exit: [*Sto]) History --------- Turn | Location | Event 19 | -11/Scrapyard | Discovered new exit (range 15) 163 | -11/Scrapyard | Entered Materials 308 | -10/Materials | Build established: Mutant 493 | -10/Materials | Discovered new exit (range 16) 769 | -10/Materials | Discovered new exit (range 7) 1063 | -10/Materials | Discovered new exit (range 16) 1334 | -10/Materials | Discovered new exit (range 13) 1356 | -10/Materials | Central database locked down 1682 | -10/Materials | Discovered new exit (range 16) 1974 | -10/Materials | Entered Mines 1989 | -10/Mines | Discovered new exit (range 15) 2170 | -10/Mines | Discovered new exit (range 7) 2331 | -10/Mines | Learned location of Storage (-8) 2441 | -10/Mines | Received a Rocket Launcher from a helpful Derelict 2765 | -10/Mines | Core integrity fell below 50% 3035 | -10/Mines | Excavation squad dispatched 3035 | -10/Mines | A large section of the Mines collapsed 3223 | -10/Mines | Found the Drone Emporium 3235 | -10/Mines | Found Prototype Device 3235 | -10/Mines | Identified Splice Drone Bay 3393 | -10/Mines | Found a hidden stash of uninstalled traps 3753 | -10/Mines | Entered Materials 3753 | -9/Materials | Evolved 2 slots: Utility x2 3817 | -9/Materials | Repaired Lgt. Nuclear Core 3906 | -9/Materials | Discovered new exit (range 16) 3928 | -9/Materials | Met 8R-AWN 4365 | -9/Materials | Discovered new exit (range 3) 5598 | -9/Materials | Discovered new exit (range 8) 5621 | -9/Materials | Identified exit to Mines 6414 | -9/Materials | Entered Mines 6416 | -9/Mines | Followed 8R-AWN into the Mines 6493 | -9/Mines | Assembled infested the area 6498 | -9/Mines | Assisted by a Guerilla fighting off Assembled 6822 | -9/Mines | Discovered new exit (range 13) 7118 | -9/Mines | Discovered new exit (range 8) 7125 | -9/Mines | Found a damaged Exp. Sensor Array with a note attached 7130 | -9/Mines | Found Prototype Device 7184 | -9/Mines | Learned location of Zion (-6) 7272 | -9/Mines | Discovered new exit (range 5) 7340 | -9/Mines | Received a Mining Laser from a helpful Derelict 7834 | -9/Mines | Entered Exiles 7887 | -9/Exiles | Welcomed by 8R-AWN 7922 | -9/Exiles | Met EX-HEX 7991 | -9/Exiles | Met EX-BIN 8059 | -9/Exiles | Met EX-DEC 8330 | -9/Exiles | Discovered new exit (range 10) 8557 | -9/Exiles | Learned about 8R-AWN's background 8727 | -9/Exiles | Attacked by the Exiles 8864 | -9/Exiles | Core integrity fell below 50% 8904 | -9/Exiles | Lost 3 parts (1u2w) 9010 | -9/Exiles | Destroyed 8R-AWN 9017 | -9/Exiles | Found 8R-AWN's Boregun 9036 | -9/Exiles | Lost 8 parts (2p2n1u3w) 9051 | -9/Exiles | Found Exp. Targeting Computer 9330 | -9/Exiles | Build established: Scavenger-Mutant 9378 | -9/Exiles | Destroyed EX-DEC 9442 | -9/Exiles | Destroyed EX-BIN 9462 | -9/Exiles | Destroyed EX-HEX 9481 | -9/Exiles | Found Exp. Core Analyzer 10196 | -9/Exiles | Discovered new exit (range 15) 10629 | -9/Exiles | Entered Mines 10686 | -8/Mines | Core integrity fell below 20% 10794 | -8/Mines | Discovered new exit (range 7) 10831 | -8/Mines | Entered Materials 10831 | -8/Materials | Evolved 2 slots: Propulsion x1, Weapon x1 11325 | -8/Materials | Build established: Mutant 11739 | -8/Materials | Build established: Scavenger-Mutant 11913 | -8/Materials | Discovered new exit (range 15) 12299 | -8/Materials | Build established: Mutant 13013 | -8/Materials | Discovered new exit (range 6) 13224 | -8/Materials | Discovered new exit (range 3) 13390 | -8/Materials | Identified exit to Garrison 13522 | -8/Materials | Garrison activated, responded to threat 13540 | -8/Materials | Build established: Scavenger-Gunner 13850 | -8/Materials | Discovered new exit (range 3) 15207 | -8/Materials | Garrison activated, responded to threat 15231 | -8/Materials | First assault squad dispatched 15546 | -8/Materials | Identified Exp. Sensor Array 15662 | -8/Materials | Repaired Hrd. Medium Armor Plating 15712 | -8/Materials | Repaired Arm. Treads 15727 | -8/Materials | Core integrity fell below 50% 15753 | -8/Materials | Repaired Arm. Treads 15774 | -8/Materials | Destroyed 8 combat bots 15791 | -8/Materials | Build established: Scavenger-Mutant 15809 | -8/Materials | Repaired Arm. Treads 15834 | -8/Materials | Sterilization system engaged 15834 | -8/Materials | Non-combat units ordered to evacuate 15934 | -8/Materials | Combat units ordered to evacuate 16134 | -8/Materials | Ambient heat levels rising (+10) 16151 | -8/Materials | Entered Garrison 16393 | -8/Garrison | Triggered checkpoint 16396 | -8/Garrison | Triggered checkpoint 16514 | -8/Garrison | Discovered new exit (range 11) 16594 | -8/Garrison | Triggered checkpoint 16657 | -8/Garrison | Garrison Relay disabled 16712 | -8/Garrison | Attempted to access garrison exit controls, blocked by remote lockdown 16896 | -8/Garrison | Build established: Scavenger-Tank 16993 | -8/Garrison | Discovered new exit (range 10) 17016 | -8/Garrison | Attempted to access garrison exit controls, blocked by remote lockdown 17117 | -8/Garrison | Triggered checkpoint 17397 | -8/Garrison | Spotted B-75 Beast 17446 | -8/Garrison | Destroyed B-75 Beast 17450 | -8/Garrison | Spotted B-75 Beast 17507 | -8/Garrison | Core integrity fell below 20% 17530 | -8/Garrison | Destroyed B-75 Beast 17547 | -8/Garrison | Lost 10 parts (2n2u6w) 17697 | -8/Garrison | Build established: Scavenger-Mutant 17795 | -8/Garrison | Discovered new exit (range 18) 17849 | -8/Garrison | Entered Materials 17896 | -8/Materials | Discovered new exit (range 27) 17944 | -8/Materials | Destroyed by Y-45 Defender with Beam Rifle Last Messages --------------- 17935_ Terminal disabled. 17935_ G-47 Trooper destroyed. 17935_ Splice Drone destroyed. 17935_ G-47 Trooper suffers critical hit (Burn). 17935_ G-47 Trooper destroyed. 17935_ Splice Drone injecting G-47 Trooper... Initiating full reboot, ETC: 17. 17936_ Splice Drone released from Splice Drone Bay. 17936_ Splice Drone sneak attacks. 17936_ Splice Drone injecting G-47 Trooper... 17936_ Splice Drone retrieved by Splice Drone Bay. 17938_ Splice Drone released from Splice Drone Bay. 17938_ Splice Drone retrieved by Splice Drone Bay. 17942_ Splice Drone injecting Y-45 Defender... Shutting down primary systems. 17943_ Y-45 Defender springs to life. Map ----- +----------------------------------------------------+ | ??????????????????????????????? ???????? ????? | | ??????????????????????????????# ???????? #???? | | ??????????????????????????????# ???????? #???? | | ??????????????????????????????# ????????? #???? | | ??????????????????????????????# ????????? #???? | | ??????????????????????????????# ????????? +???? | | ??????????????????????????????+ ????????? #???? | | ??????????????????????????????# #????????# #???? | | ??????????????????????????????# #????????# #???? | | ??????????????????????????##### ########?# #???? | | ??????????????????????????? #?# #???? | | ???????????????????????????? #?# #???? | | ????????????????????????????? #?# #???? | | ???????????????????????####+### """ #?# #???? | | ???????????????????????#[ #^ """"" #?# ##### | | ???????????????????????# # """"" #?# | | ???????????????????????# # """"" #?# | | ???????????????????????# ][ # """ #?# | | ???????????????????????+ ! # #?# | | ???????????????????????# # #?# | | ???????????????????????###+#### "" #?# | | ??????????????????######## #??# "" #?# | | ??????????????????# # #??#! "T #?# ## | | ??????????????????# [ # #??# "" ! ### #? | | ??###+###?????????# # #### Y #? | | ??# ########### """" @ n #? | | ### # """" ###### % #? | | Y n/ """" #????#; =g #####+##### | | ### # #???# #? ??? | | ??# ########### """" #???# " " # #? | | ??#######?????????# """" #???# "G" # #?! | | ??????????????????# """" #???# """ # #??!! | | ??????????????????? ????# /# #??## | | ???????????????????######????#################???? | | | | | | | | | | | | | | | | | | | | | | | | | | | | | | | | | +----------------------------------------------------+ Best States ------------- Heat Dissipation 57 Energy Generation 19 Energy Capacity 310 Matter Stores 300 Matter Capacity 300 Sight Range 16 Terrain Scan Density 10 Jamming Range 12 Armor Coverage 450 Resistance: TH 10 Resistance: EM 15 Weapon Shielding 33 Evasion (%) 40 Targeting Accuracy 5 Armor Integrity Analysis 40 Recoil Reduction 3 Salvage Targeting 1 Defensive Hacking 20 Item Schematics ----------------- Huge Storage Unit | -10/Materials | Hacked Salvage Targeting Computer | -9/Materials | Hacked Seismic Detector | -9/Materials | Scanalyzed Exp. Core Analyzer | -8/Materials | Scanalyzed Robot Schematics ------------------ M-13 Machinist | -10/Materials | Hacked Fabricated ------------ Nothing Alien Tech Used ----------------- None Achievements -------------- None Challenges ------------ None Game ------ Seed IntegrityDeuteriumMultitool Manual? 0 Play Time 02:03:17 Cumulative 453.0 hours Start 2024.04.01 @ 14:49:07 End 2024.04.02 @ 14:49:32 Sessions 11 Manual Loads 0 Difficulty Rogue Special Mode None Game No. 209 Rogue 209 Adventurer 0 Explorer 0 Win Type - Total 11 Types 8/0/1/1/0/0/0/1/0 Lore% 86 Gallery% 92 Achievement% 71 Wizard Run 0 Options --------- Layout 2 ASCII 0 Keyboard 1 Movement Vi Keybinds 0 Fullscreen 2 Font 18/SmallcapsGlow Map View 50x49 Zoom Use 0% Tactical HUD 1 Map Filters NONE Filters NONE Steam 0 RUN: 139c4a4d-091a-4fb1-ae8d-53ea7fdeb8af